 Dungeon Crawl Stone Soup version 0.26-a0-682-g294304f6e8 (webtiles) character file.

Game seed: 581099523211050419

12365 strifetoe the Cleaver (level 11, -1/100 HPs)
             Began as a Palentonga Fighter on Oct 21, 2020.
             Was an Elder of Okawaru.
             Slain by a black mamba (8 damage)
             ... on level 1 of the Lair of Beasts.
             The game lasted 00:17:29 (17200 turns).

strifetoe the Cleaver (Palentonga Fighter)         Turns: 17200, Time: 00:17:29

Health: -1/100     AC: 15    Str: 23    XL:     11   Next: 61%
Magic:  10/12      EV:  8    Int:  8    God:    Okawaru [****..]
Gold:   913        SH:  8    Dex: 10    Spells: 10/10 levels left

rFire    . . .     SeeInvis +   y - +0 broad axe (vamp)
rCold    . . .     Faith    .   u - +2 buckler
rNeg     + . .     Spirit   .   k - +1 plate armour
rPois    .         Reflect  .   (no helmet)
rElec    .         Harm     .   p - +0 cloak
rCorr    .         Rampage  .   h - +0 pair of gloves
MR       +....                  (no barding)
Stlth    ..........             (no amulet)
HPRegen  0.26/turn              D - ring of protection from magic
MPRegen  0.13/turn              x - ring of positive energy

@: heroism
A: large, rugged brown scales 3, see invisible, deformed body, roll, armoured
tail
a: Rolling Charge, Heroism, Renounce Religion


You were on level 1 of the Lair of Beasts.
You worshipped Okawaru.
Okawaru was greatly pleased with you.
You visited 3 branches of the dungeon, and saw 15 of its levels.

You collected 913 gold pieces.

Inventory:

Hand Weapons
 y - a +0 vampiric broad axe (weapon)
 H - a +2 morningstar
 J - a +0 vorpal broad axe
Armour
 c - a +0 kite shield
 h - a +0 pair of gloves (worn)
 k - a +1 plate armour (worn)
 p - a +0 cloak (worn)
 u - a +2 buckler (worn)
 K - a scarf of harm
 N - a +0 scale mail of fire resistance
Jewellery
 b - an uncursed amulet of guardian spirit
 x - a ring of positive energy (right hand)
 C - a +6 ring of intelligence
 D - a ring of protection from magic (left hand)
Wands
 f - a wand of enslavement (3)
 o - a wand of random effects (13)
 G - a wand of iceblast (5)
 M - a wand of digging (6)
 P - a wand of acid (15)
Scrolls
 i - 9 scrolls of teleportation
 j - 4 scrolls of fear
 l - 5 scrolls of fog
 m - 4 scrolls of enchant armour
 q - 4 scrolls of immolation
 s - 5 scrolls of remove curse
 B - 3 scrolls of magic mapping
 F - 4 scrolls of identify
Potions
 d - 2 potions of might
 e - 3 potions of brilliance
 n - 2 potions of heal wounds
 r - 4 potions of flight
 t - a potion of mutation {unknown}
 v - 2 potions of lignification {unknown}
 w - 2 potions of curing
 z - a potion of invisibility {unknown}
 A - 2 potions of stabbing {unknown}
 E - 4 potions of cancellation
 I - a potion of resistance
 O - a potion of haste {unknown}
Miscellaneous
 Q - a lightning rod (1/4)


   Skills:
 - Level 8.1(13.1) Fighting
 - Level 14.2(19.2) Axes
 - Level 4.1(9.1) Armour
 + Level 5.2(10.2) Dodging
 - Level 4.1(9.1) Shields
 - Level 2.0 Invocations


You had 10 spell levels left.
You didn't know any spells.
Your spell library contained the following spells:

 Spells                   Type           Power        Failure   Level
 Animate Skeleton         Necr           #.....       99%         1
 Apportation              Tloc           #.....       99%         1
 Corona                   Hex            #......      99%         1
 Magic Dart               Conj           #...         99%         1
 Sandblast                Erth           #.....       99%         1
 Summon Small Mammal      Summ           #...         99%         1
 Blink                    Tloc           N/A          100%        2
 Call Imp                 Summ           #.......     100%        2
 Passwall                 Tmut/Erth      #.......     100%        2
 Slow                     Hex            #.......     100%        2
 Conjure Flame            Conj/Fire      #.......     100%        3
 Mephitic Cloud           Conj/Pois/Air  #.......     100%        3
 Stone Arrow              Conj/Erth      #.....       100%        3
 Petrify                  Tmut/Erth      #.......     100%        4
 Lee's Rapid Deconstruct  Erth           #.........   100%        5


Dungeon Overview and Level Annotations

Branches:
Dungeon (12/15)            Temple (1/1) D:7            Lair (2/6) D:10
    Orc (0/2) D:12
  Swamp: Lair:2-4    Shoals: Lair:2-4     Snake: Lair:2-4    Spider: Lair:2-4

Altars:
Ashenzari
Cheibriados
Dithmenos
Elyvilon
Fedhas
Hepliaklqana
Kikubaaqudgha
Makhleb
Nemelex Xobeh
Okawaru
Qazlal
Ru
Sif Muna
Trog
Uskayaw
Vehumet
Wu Jian
Xom
Yredelemnul
Zin
The Shining One

Annotations:
D:3 1 runed translucent door, tinescath's ghost, amateur DrCj


Innate Abilities, Weirdness & Mutations

You are completely covered in rugged brown scales. (AC +3, +7% HP)
You have supernaturally acute eyesight. (SInv)
Armour fits poorly on your strangely shaped body.
You can roll at foes to attack.
You have a long armoured tail.


Message History

Okawaru accepts your kill.
You hit the black mamba but do no damage.
You feel sick. The black mamba bites you.
* * * LOW HITPOINT WARNING * * *
You are lethally poisoned!
The black mamba poisons you!
* * * LOW HITPOINT WARNING * * *
You feel very sick. The black mamba bites you!
* * * LOW HITPOINT WARNING * * *
You see here a water moccasin corpse.
You slice the black mamba!!
You feel better.
The black mamba is almost dead.
* * * LOW HITPOINT WARNING * * *
You feel sick. The black mamba bites you!
* * * LOW HITPOINT WARNING * * *
You are more poisoned.
The black mamba poisons you!
You feel better. The black mamba closely misses you. The black mamba bites you!
You die...

#....# #..###.......#...........#
#....# #..##........###..###...##
.....# ##.###........#..#.##...#.
.....# #####..................##
.....####.##...................##
.................................
.................................
.................................
...............S@.#P.P##PP#......
...............>..##.######....##
......####.P...#..#P...^..#....#.
#.................##...........#.
#.........(.......##.....#.....'.
#.....P.....(PP...##.....##....#.
#.....#.....(P(...##.....##....#.
......#......P(...##.....##....#.
......#.......P...####P####....#.


You could see a black mamba.

Vanquished Creatures
  A hydra (Lair:1)
  2 two-headed ogres
  2 necromancers
  An ugly thing (D:11)
  A manticore (D:10)
  4 gargoyles
  2 komodo dragons
  A hornet (D:11)
  A meliai zombie (D:11)
  3 flying skulls
  A wyvern (Lair:1)
  A wraith (D:11)
  8 yaks
  2 wargs (D:9)
  Menkaure (D:6)
  2 water moccasins
  A black bear (D:6)
  3 sky beasts
  An orc warrior (D:9)
  4 phantoms
  An eye of draining (D:10)
  6 ogres
  5 centaurs
  4 bullfrogs
  A big kobold (D:7)
  2 wyvern zombies
  A scorpion (D:6)
  7 wights
  2 jellies
  8 hounds
  2 bullfrog zombies (D:11)
  3 centaur skeletons
  3 orc priests
  Crazy Yiuf (D:2)
  8 orc wizards
  A bullfrog skeleton (D:4)
  Ijyb (D:2)
  3 iguanas
  4 worker ants
  A hound zombie (D:5)
  3 worker ant zombies
  11 adders
  14 gnolls
  A howler monkey skeleton (D:6)
  2 white imps
  3 oozes
  An adder skeleton (D:7)
  4 worms
  3 dart slugs
  4 leopard geckos
  28 orcs
  3 ball pythons
  5 giant cockroaches
  13 hobgoblins
  5 jackals
  8 quokkas
  6 bats
  4 frilled lizards
  8 goblins
  A jackal zombie (D:6)
  13 kobolds
  A quokka zombie (D:7)
  6 rats
253 creatures vanquished.

Vanquished Creatures (collateral kills)
  A yak (D:8)
  3 wights (D:9)
4 creatures vanquished.

Vanquished Creatures (others)
  A flying skull (D:12)
  2 fungi
  A plant (Lair:1)
4 creatures vanquished.

Grand Total: 261 creatures vanquished

Notes
Turn   | Place    | Note
-------+----------+-------------------------------------------
     0 | D:1      | strifetoe the Palentonga Fighter began the quest for the
                  | Orb.
     0 | D:1      | Reached XP level 1. HP: 20/20 MP: 1/1
   329 | D:1      | Reached XP level 2. HP: 27/27 MP: 2/2
   393 | D:1      | Reached skill level 3 in Axes
   646 | D:1      | Reached XP level 3. HP: 32/33 MP: 3/3
  1196 | D:2      | Reached skill level 4 in Axes
  1205 | D:2      | Found a runed translucent door.
  1206 | D:2      | Noticed Crazy Yiuf
  1576 | D:2      | Killed Crazy Yiuf
  1576 | D:2      | Reached XP level 4. HP: 27/40 MP: 4/4
  1895 | D:3      | Noticed Ijyb
  1915 | D:2      | Killed Ijyb
  1915 | D:2      | Reached skill level 5 in Axes
  2028 | D:3      | Reached XP level 5. HP: 39/48 MP: 5/5
  2217 | D:3      | Found a runed translucent door.
  2302 | D:3      | Noticed tinescath's ghost (amateur DrCj)
  2450 | D:3      | Found a burning altar of Makhleb.
  2700 | D:4      | Reached skill level 6 in Axes
  3030 | D:4      | Reached XP level 6. HP: 48/54 MP: 6/6
  3583 | D:4      | Reached skill level 7 in Axes
  4209 | D:5      | Entered Level 5 of the Dungeon
  4262 | D:5      | Reached XP level 7. HP: 43/60 MP: 7/7
  4519 | D:5      | Found a broken altar of Ashenzari.
  5163 | D:5      | You fall into a shaft and drop 1 floor!
  5887 | D:6      | Reached XP level 8. HP: 60/67 MP: 8/8
  5968 | D:6      | Reached skill level 8 in Axes
  6002 | D:6      | Found a stormy altar of Qazlal.
  6589 | D:6      | Noticed Menkaure
  6595 | D:6      | Killed Menkaure
  6595 | D:6      | Reached skill level 9 in Axes
  7067 | D:6      | Reached skill level 10 in Axes
  7443 | D:7      | Found a staircase to the Ecumenical Temple.
  7449 | Temple   | Entered the Ecumenical Temple
  7538 | Temple   | Became a worshipper of Warmaster Okawaru
  7704 | D:7      | Reached XP level 9. HP: 55/73 MP: 9/9
  8095 | D:7      | Reached skill level 11 in Axes
  8227 | D:7      | Reached * piety under Okawaru
  8413 | D:7      | Found a glowing silver altar of Zin.
  8859 | D:8      | Found a bloodstained altar of Trog.
  9270 | D:8      | Found a white marble altar of Elyvilon.
  9270 | D:8      | Found a shimmering altar of Xom.
  9738 | D:8      | Reached skill level 12 in Axes
 10188 | D:8      | Reached skill level 1 in Invocations
 10227 | D:7      | Reached ** piety under Okawaru
 11013 | D:9      | Reached XP level 10. HP: 64/82 MP: 11/11
 11267 | D:10     | Entered Level 10 of the Dungeon
 11380 | D:10     | Found a staircase to the Lair.
 11384 | D:10     | Noticed a gargoyle
 11413 | D:9      | Reached skill level 13 in Axes
 11902 | D:10     | Killed a gargoyle
 11938 | D:10     | Noticed a two-headed ogre
 12231 | D:10     | Killed a two-headed ogre
 12231 | D:10     | Reached *** piety under Okawaru
 12765 | D:10     | Noticed a manticore
 12773 | D:10     | Killed a manticore
 12773 | D:10     | Reached skill level 14 in Axes
 13212 | D:11     | Noticed a gargoyle
 13231 | D:11     | Killed a gargoyle
 13697 | D:11     | Noticed a gargoyle
 13708 | D:11     | Reached skill level 5 in Fighting
 13711 | D:11     | Killed a gargoyle
 13937 | D:11     | Noticed a purple ugly thing
 13945 | D:11     | Killed a purple ugly thing
 13945 | D:11     | Reached **** piety under Okawaru
 14097 | D:11     | Noticed a gargoyle
 14111 | D:11     | Killed a gargoyle
 14111 | D:11     | Reached XP level 11. HP: 45/97 MP: 9/12
 14557 | D:11     | Paralysed by a hornet for 2 turns
 14944 | D:12     | Found a staircase to the Orcish Mines.
 14979 | D:12     | Noticed a two-headed ogre
 14990 | D:12     | Killed a two-headed ogre
 15080 | D:12     | Noticed a necromancer
 15082 | D:12     | Noticed a necromancer
 15505 | D:11     | Killed a necromancer
 15505 | D:11     | Reached skill level 1 in Dodging
 15678 | D:12     | Killed a necromancer
 15928 | Lair:1   | Entered Level 1 of the Lair of Beasts
 16347 | Lair:1   | Noticed a four-headed hydra
 16363 | Lair:1   | Killed a four-headed hydra
 16624 | Lair:1   | Noticed a five-headed hydra
 17175 | Lair:2   | Reached skill level 5 in Dodging
 17185 | Lair:2   | Noticed a four-headed hydra
 17199 | Lair:1   | HP: 1/100 [black mamba (9)]
 17200 | Lair:1   | Slain by a black mamba

Illustrated notes

Levels and vault maps discovered:
D:1:      minmay_arrival_radiant_lines, layout_basic, minmay_liquid_box,
          minmay_tromino_mix6
D:2:      layout_basic, st_stairs_5, uniq_crazy_yiuf_cottage
D:3:      layout_rooms, overflow_temple_1_default,
          hellmonk_ghost_happy_afterlife, kennysheep_nub, uniq_ijyb
D:4:      layout_rooms, minmay_fractal_squares_diagonal_5
D:5:      layout_basic, st_stairs_7, nicolae_ashenzari_panopticon
D:6:      layout_gridville, nicolae_qazlal_general_emergency, minmay_bent,
          uniq_menkaure
D:7:      layout_gridville, zin_treasury, minmay_temple_entry_hall
D:8:      layout_gridville, gammafunk_temple_overflow_wave, kennysheep_mini
D:9:      layout_long_grid
D:10:     layout_roguey, erik_lair_orcish_takeover
D:11:     layout_small_grid, minmay_misc_feat_rugged
D:12:     hangedman_screamer, layout_long_grid
Temple:   eino_temple_scatter_basement
Lair:1:   layout_regular_city, lemuel_fruit_tree
Lair:2:   layout_regular_city, grunt_megastairs_1

Skill      XL: |  1  2  3  4  5  6  7  8  9 10 11 |
---------------+----------------------------------+-----
Axes           | 3 4 5 6 7 10 12 14 | 14.2
Armour         | 4 |  4.1
Shields        | 4 |  4.1
Invocations    | 2 |  2.0
Fighting       | 6 8 |  8.1
Dodging        | 5 |  5.2

Action                   |  1- 3 |  4- 6 |  7- 9 | 10-12 || total
-------------------------+-------+-------+-------+-------++-------
Melee: Hand axe          |    98 |   150 |   126 |       ||   374
       War axe           |     5 |       |   156 |       ||   161
       Tailslap          |    14 |    22 |    54 |    52 ||   142
       Broad axe         |       |       |   113 |   301 ||   414
Invok: Heroism           |       |       |     1 |    13 ||    14
Evoke: Wand              |       |     9 |    20 |    16 ||    45
       Lightning rod     |       |       |       |     3 ||     3
  Use: Scroll            |       |     6 |     8 |     8 ||    22
       Potion            |       |       |     1 |     4 ||     5
 Stab: Paralysed         |       |       |       |    10 ||    10
Armor: Scale mail        |    37 |       |       |       ||    37
       Plate armour      |    12 |   109 |   204 |   166 ||   491
Dodge: Dodged            |    19 |     9 |    71 |    66 ||   165
Block: Kite shield       |    39 |    60 |    41 |       ||   140
       Buckler           |       |       |   108 |    94 ||   202

Table legend: (Time is in decaauts)
 A = Elapsed time spent in this place.
 B = Non-inter-level travel time spent in this place.
 C = Inter-level travel time spent in this place.
 D = Time resting spent in this place.
 E = Time spent auto-exploring this place.
 F = Levels seen in this place.
 G = Mean time per level.
                   A        B        C        D        E       F      G
               +--------+--------+--------+--------+--------+-----+--------+
         Total |  17219 |  16506 |    713 |   5415 |   8845 |  15 | 1147.9 |
       Dungeon |  15845 |  15172 |    673 |   5030 |   8021 |  12 | 1320.4 |
        Temple |    107 |     89 |     18 |      0 |     77 |   1 |  107.0 |
          Lair |   1265 |   1244 |     21 |    385 |    747 |   2 |  632.5 |
               +--------+--------+--------+--------+--------+-----+--------+

Top non-repeatable levels by time:
    D:11: 2285 daAuts
     D:9: 1690 daAuts
     D:8: 1650 daAuts
     D:6: 1649 daAuts
     D:4: 1595 daAuts
     D:7: 1307 daAuts
     D:2: 1248 daAuts
  Lair:1: 1244 daAuts
    D:10: 1226 daAuts
     D:5: 1138 daAuts
     D:3: 1093 daAuts
     D:1: 716 daAuts
    D:12: 243 daAuts
  Temple: 107 daAuts
  Lair:2: 20 daAuts
